[Event "Titled Tuesday Blitz August 15 Early 2023"]
[White "Haszon, David"]
[Black "Barwinska, Ewa"]
[WhiteFideId "733610"]
[BlackFideId "21833761"]
[WhiteElo "2512"]
[BlackElo "2269"]
[Result "0-1"]
[Round "4"]
[TimeControl "180+1"]
[Date "2023.08.15"]
[WhiteClock "0:00:21"]
[BlackClock "0:00:09"]
[Board "210"]

1. Nf3 c5 2. c4 Nc6 3. Nc3 Nf6 4. e3 d5 5. cxd5 Nxd5 6. Bb5 e6 7. O-O Bd7 8. d4 cxd4 9. Nxd4 Nxc3 10. bxc3 Qc7 11. Bb2 Bd6 12. h3 O-O 13. Bxc6 Bxc6 14. c4 Rfd8 15. Qg4 Bf8 16. f4 Be4 17. Rac1 Qb6 18. Bc3 Rac8 19. Qe2 a6 20. Rfd1 Qc7 21. Bb2 Bc5 22. Qg4 Bg6 23. h4 h5 24. Qf3 Qb6 25. Bc3 Bxd4 26. Bxd4 Qc6 27. Qxc6 Rxc6 28. c5 Be4 29. Rc3 f5 30. Rb3 Rc7 31. Rdb1 Rcd7 32. R1b2 Bd5 33. Rb6 Re7 34. Be5 Rc8 35. Bd6 Rd7 36. Rd2 Kf7 37. Rb4 Rc6 38. Rbd4 b6 39. Rxd5 exd5 40. Rxd5 bxc5 41. Rxf5+ Ke6 42. Rxc5 Kxd6 43. Rxh5 Rc2 44. Rg5 Rxa2 45. h5 Re2 46. Re5 Rd2 47. e4 Kc7 48. Kh2 R2d4 49. Kh3 R4d6 50. Kg4 Rh6 51. Kh4 Kb6 52. g4 a5 53. g5 Rhd6 54. f5 a4 55. Re8 a3 56. Ra8 Ra7 57. Rb8+ Rb7 58. Ra8 Ra7 59. Rb8+ Kc5 60. Rb1 a2 61. Ra1 Kd4 62. Kg4 Kxe4 63. g6 Ke5 64. Kg5 Rd2 65. Re1+ Kd6 66. Ra1 Rg2+ 67. Kh4 Rb2 68. Kg5 Rb1 69. h6 gxh6+ 70. Kxh6 Rxa1 71. f6 Rh1+ 72. Kg5 a1=Q 0-1


[Site "https://www.chess.com"]

[Event "Titled Tuesday Blitz August 15 Early 2023"]
[White "Baghdasaryan, Vahe"]
[Black "Garcia-Castany Musellas, Gal.la"]
[WhiteFideId "13303139"]
[BlackFideId "2241803"]
[WhiteElo "2435"]
[BlackElo "2266"]
[Result "1-0"]
[Round "4"]
[TimeControl "180+1"]
[Date "2023.08.15"]
[WhiteClock "0:00:06"]
[BlackClock "0:00:00"]
[Board "211"]

1. e4 c6 2. c4 d5 3. exd5 cxd5 4. cxd5 Nf6 5. Nc3 Nxd5 6. Nf3 Nc6 7. d4 e6 8. Bd3 Be7 9. O-O O-O 10. a3 Nf6 11. Bc2 b6 12. Qd3 Bb7 13. Re1 Re8 14. Bg5 g6 15. Rad1 Nd5 16. Bh6 Rc8 17. h4 Nxc3 18. bxc3 Bxh4 19. Nxh4 Qxh4 20. Qd2 Ne7 21. Bg5 Qh5 22. f3 Nf5 23. Bxf5 exf5 24. Bf6 Re6 25. Rxe6 fxe6 26. Re1 Kf7 27. Be5 Bd5 28. Qe3 Qh4 29. Bf4 1-0


[Site "https://www.chess.com"]

[Event "Titled Tuesday Blitz August 15 Early 2023"]
[White "Hrescak, Ivana"]
[Black "Sanhueza, Cristian"]
[WhiteFideId "14613441"]
[BlackFideId "116815"]
[WhiteElo "2266"]
[BlackElo "2425"]
[Result "0-1"]
[Round "4"]
[TimeControl "180+1"]
[Date "2023.08.15"]
[WhiteClock "0:00:16"]
[BlackClock "0:01:48"]
[Board "212"]

1. e4 e5 2. Nf3 Nc6 3. d4 exd4 4. Nxd4 Nf6 5. Nc3 Bb4 6. Nxc6 bxc6 7. Bd3 d5 8. exd5 O-O 9. O-O cxd5 10. h3 Rb8 11. Qf3 c6 12. Bf4 Bd6 13. b3 Rb4 14. Ne2 Be6 15. c3 Rb8 16. Nd4 Qd7 17. Rfe1 Rfe8 18. c4 c5 19. Nxe6 fxe6 20. cxd5 exd5 21. Rad1 Bxf4 22. Qxf4 Rxe1+ 23. Rxe1 Re8 24. Rd1 Qe6 25. Qc7 Qe7 26. Qxe7 Rxe7 27. Rc1 Rc7 28. Kf1 Kf7 29. Ke2 Ke7 30. g4 Kd6 31. f4 h6 32. Kf3 Re7 33. g5 hxg5 34. fxg5 Nd7 35. Kg3 Re3+ 36. Kg4 Rxd3 37. h4 Rd2 0-1


[Site "https://www.chess.com"]

[Event "Titled Tuesday Blitz August 15 Early 2023"]
[White "Kielinkei"]
[Black "Pumpkin_in_moonlight"]
[WhiteElo "2417"]
[BlackElo "2260"]
[Result "1-0"]
[Round "4"]
[TimeControl "180+1"]
[Date "2023.08.15"]
[WhiteClock "0:01:04"]
[BlackClock "0:00:08"]
[Board "213"]

1. c4 Nf6 2. Nc3 g6 3. g3 Bg7 4. Bg2 O-O 5. e4 e5 6. Nge2 d6 7. O-O Nc6 8. d3 Re8 9. Be3 Ng4 10. Bd2 Nd4 11. h3 Nf6 12. Nxd4 exd4 13. Nd5 c6 14. Nxf6+ Bxf6 15. f4 Bg7 16. Qf3 f5 17. Rae1 fxe4 18. dxe4 Be6 19. b3 Bf7 20. f5 gxf5 21. exf5 Bf6 22. g4 d5 23. g5 Bxg5 24. Rxe8+ Bxe8 25. Qg4 h6 26. h4 dxc4 27. hxg5 h5 28. Qe4 c3 29. Bf4 d3 30. g6 d2 31. Qc4+ Kg7 32. Be5+ Kh6 33. Qf4+ Qg5 34. Bg7+ 1-0


[Site "https://www.chess.com"]

[Event "Titled Tuesday Blitz August 15 Early 2023"]
[White "Daeschler, Florian"]
[Black "Schachpanda_Youtube"]
[WhiteFideId "20678193"]
[WhiteElo "2416"]
[BlackElo "2235"]
[Result "1-0"]
[Round "4"]
[TimeControl "180+1"]
[Date "2023.08.15"]
[WhiteClock "0:00:33"]
[BlackClock "0:00:00"]
[Board "214"]

1. Nf3 c6 2. c4 d5 3. e3 Nf6 4. Nc3 e6 5. b3 Bd6 6. Bb2 O-O 7. Qc2 Nbd7 8. Rg1 e5 9. cxd5 cxd5 10. Nb5 Bb8 11. Rc1 e4 12. Nfd4 Ne5 13. Nc7 Bxc7 14. Qxc7 Qe8 15. Bb5 Bd7 16. Bxd7 Nfxd7 17. Ke2 Nd3 18. Ba3 Nxc1+ 19. Rxc1 Rc8 20. Qxb7 Rxc1 21. Bxc1 Nc5 22. Qxd5 Qc8 23. Ba3 Nd3 24. Qxe4 Nc1+ 25. Bxc1 Qxc1 26. Nf5 g6 27. Ne7+ Kg7 28. Nd5 f6 29. g4 1-0


[Site "https://www.chess.com"]

[Event "Titled Tuesday Blitz August 15 Early 2023"]
[White "Rivas Garcia, Victor"]
[Black "MarijaKuznecova"]
[WhiteFideId "2217740"]
[WhiteElo "2232"]
[BlackElo "2374"]
[Result "1-0"]
[Round "4"]
[TimeControl "180+1"]
[Date "2023.08.15"]
[WhiteClock "0:00:20"]
[BlackClock "0:00:00"]
[Board "215"]

1. e4 c5 2. Nc3 d6 3. f4 Nc6 4. Nf3 g6 5. Bb5 Bg7 6. Bxc6+ bxc6 7. d3 e6 8. O-O Ne7 9. Qe1 O-O 10. Qh4 Rb8 11. f5 gxf5 12. Bh6 Ng6 13. Qh5 Bxh6 14. Qxh6 Qf6 15. exf5 exf5 16. Rab1 Be6 17. Ng5 Qg7 18. Qh5 h6 19. Nh3 Qd4+ 20. Kh1 Kg7 21. Ne2 Qg4 22. Nhf4 Nxf4 23. Nxf4 Qxh5 24. Nxh5+ Kg6 25. Nf4+ Kh7 26. b3 d5 27. Rbe1 Rfe8 28. c4 dxc4 29. dxc4 Rbd8 30. Rd1 Kg8 31. Nh5 Kf8 32. Nf6 Rxd1 33. Rxd1 Rc8 34. Nd7+ Bxd7 35. Rxd7 Re8 36. h3 Re7 37. Rd8+ Kg7 38. Rd6 Re1+ 39. Kh2 Re2 40. Rxc6 f4 41. Kg1 Rxa2 42. Rxc5 Rb2 43. Rb5 Kf6 44. b4 Ke6 45. Rb7 a6 46. c5 Kd5 47. Rb6 f5 48. Rxa6 Rxb4 49. Rxh6 Kxc5 50. Rf6 Kd4 51. Rxf5 Ke4 52. Rf8 Rb1+ 53. Kh2 Rb2 54. Re8+ Kf5 55. Rf8+ Ke4 56. h4 Rb5 57. Kh3 Ke3 58. Re8+ Kf2 59. Rf8 Rb4 60. h5 Ke3 61. h6 Rb6 62. Rh8 f3 63. gxf3 Kxf3 64. Kh4 Kf4 65. Rf8+ Ke5 66. Kg5 Rb7 67. Kg6 Rb6+ 68. Kg7 Rb7+ 69. Rf7 Rb8 70. h7 Ke6 71. Rf8 Rb7+ 72. Kg8 1-0


[Site "https://www.chess.com"]

[Event "Titled Tuesday Blitz August 15 Early 2023"]
[White "Vaglio Munoz, Jaime"]
[Black "Cheer_Down"]
[WhiteFideId "6500145"]
[WhiteElo "2218"]
[BlackElo "2369"]
[Result "1-0"]
[Round "4"]
[TimeControl "180+1"]
[Date "2023.08.15"]
[WhiteClock "0:02:18"]
[BlackClock "0:01:11"]
[Board "216"]

1. Nf3 d5 2. c4 d4 3. b4 g5 4. Bb2 Bg7 5. d3 g4 6. Nfd2 e5 7. g3 a5 8. a3 h5 9. Bg2 h4 10. b5 Nd7 11. a4 f5 12. Ba3 Ngf6 13. Nb3 Rb8 14. e3 dxe3 15. fxe3 hxg3 16. hxg3 Rxh1+ 17. Bxh1 Nh5 18. Kf2 f4 19. Qxg4 Ndf6 20. Qg6+ Kd7 21. Nc5+ Kd6 22. Ne4+ 1-0


[Site "https://www.chess.com"]

[Event "Titled Tuesday Blitz August 15 Early 2023"]
[White "Slovineanu, Viacheslav"]
[Black "Fernandez Hernandez, Gerardo"]
[WhiteFideId "13900510"]
[BlackFideId "2207400"]
[WhiteElo "2368"]
[BlackElo "2214"]
[Result "0-1"]
[Round "4"]
[TimeControl "180+1"]
[Date "2023.08.15"]
[WhiteClock "0:00:01"]
[BlackClock "0:00:16"]
[Board "217"]

1. d4 Nf6 2. Nf3 g6 3. c4 Bg7 4. Nc3 O-O 5. e4 d6 6. Be2 Na6 7. O-O e5 8. dxe5 dxe5 9. Be3 Ng4 10. Bg5 f6 11. Bc1 c6 12. h3 Nh6 13. Be3 Be6 14. c5 Qe7 15. Bxa6 bxa6 16. Qe2 Qb7 17. Rfd1 Nf7 18. b3 Rfd8 19. Qc2 Bf8 20. Nd2 Rd7 21. Nf1 Rad8 22. Rxd7 Rxd7 23. Nd2 Bh6 24. Bxh6 Nxh6 25. Na4 Qb4 26. a3 Qxd2 27. Qxd2 Rxd2 28. b4 Bb3 29. Nc3 Nf7 30. Rb1 Bc4 31. f3 Nd8 32. Nd1 Ne6 33. Ne3 Bd3 34. Rc1 Nd4 35. Ng4 Ne2+ 36. Kh2 Nxc1 37. Nxf6+ Kf7 38. Nd7 Bb5 39. Nxe5+ Ke6 40. Ng4 h5 41. Ne3 Rd3 42. Nf1 Rxa3 43. h4 Bxf1 0-1


[Site "https://www.chess.com"]

[Event "Titled Tuesday Blitz August 15 Early 2023"]
[White "Topalov, Aleksandar"]
[Black "KSho99"]
[WhiteFideId "925659"]
[WhiteElo "2361"]
[BlackElo "2203"]
[Result "1-0"]
[Round "4"]
[TimeControl "180+1"]
[Date "2023.08.15"]
[WhiteClock "0:00:55"]
[BlackClock "0:00:52"]
[Board "218"]

1. b3 f5 2. Bb2 Nf6 3. Bxf6 exf6 4. c4 b6 5. Nc3 Bb7 6. e3 Nc6 7. Nge2 Ne5 8. d4 Nf7 9. a3 h5 10. Nf4 h4 11. Ng6 Rh6 12. Nxf8 Kxf8 13. h3 g5 14. Nd5 Bxd5 15. cxd5 Nd6 16. Bd3 Qe7 17. Rc1 f4 18. Qf3 Re8 19. Rxc7 fxe3 20. O-O exf2+ 21. Qxf2 Qe3 22. Rxd7 Qxf2+ 23. Rxf2 Ne4 24. Bxe4 Rxe4 25. Rc2 Ke8 26. Rxa7 Kd8 27. Rc6 Rxd4 28. Rxb6 Kc8 29. d6 Rh8 30. Ra8+ 1-0


[Site "https://www.chess.com"]

[Event "Titled Tuesday Blitz August 15 Early 2023"]
[White "Amanov, Zhanibek"]
[Black "Putri, Regita Desyari"]
[WhiteFideId "13700189"]
[BlackFideId "7109083"]
[WhiteElo "2348"]
[BlackElo "2197"]
[Result "1-0"]
[Round "4"]
[TimeControl "180+1"]
[Date "2023.08.15"]
[WhiteClock "0:00:10"]
[BlackClock "0:00:14"]
[Board "219"]

1. e4 e5 2. Nf3 Nc6 3. Bc4 Bc5 4. c3 Nf6 5. d4 exd4 6. e5 d5 7. Bb5 Ne4 8. cxd4 Bb6 9. Nc3 O-O 10. Be3 Bg4 11. h3 Bh5 12. Qc2 Bg6 13. Qb3 Ne7 14. O-O c6 15. Bd3 Nf5 16. Rfe1 Nxe3 17. Rxe3 Nxc3 18. bxc3 Re8 19. a4 Qd7 20. a5 Bd8 21. c4 Bxd3 22. Rxd3 Rb8 23. cxd5 cxd5 24. Rc3 b5 25. Rc5 b4 26. Rxd5 Qf5 27. e6 Qxe6 28. Re5 Qc6 29. Rxe8+ Qxe8 30. Re1 Qb5 31. Qd5 Qxd5 32. Re8# 1-0


[Site "https://www.chess.com"]

[Event "Titled Tuesday Blitz August 15 Early 2023"]
[White "Tqebuchava, Zurab"]
[Black "Polaczek, Richard"]
[WhiteFideId "13601113"]
[BlackFideId "200026"]
[WhiteElo "2196"]
[BlackElo "2341"]
[Result "0-1"]
[Round "4"]
[TimeControl "180+1"]
[Date "2023.08.15"]
[WhiteClock "0:00:33"]
[BlackClock "0:00:05"]
[Board "220"]

1. e4 Nf6 2. e5 Nd5 3. Nc3 Nxc3 4. dxc3 Nc6 5. Nf3 d6 6. exd6 cxd6 7. h3 g6 8. Be3 Bg7 9. Bc4 a6 10. O-O O-O 11. Qd2 e6 12. Bg5 Qc7 13. Bf4 e5 14. Be3 b5 15. Bd5 Bb7 16. Rad1 Rad8 17. Bg5 Rd7 18. h4 Nd8 19. Bxb7 Qxb7 20. Qd5 Qxd5 21. Rxd5 Ne6 22. Be3 Nc7 23. Rd2 f5 24. Rfd1 Ne8 25. Bc5 e4 26. Ng5 Be5 27. Bd4 Bf4 28. Be3 Be5 29. Ne6 Rff7 30. Nf4 Nf6 31. Bd4 Bxf4 32. Re2 Be5 33. Be3 f4 34. Bb6 h6 35. Kf1 g5 36. Kg1 Rg7 37. Rd5 Nxd5 38. Ba5 f3 39. gxf3 exf3 40. Re4 gxh4+ 41. Kf1 Bh2 42. Ke1 Nf6 43. Rd4 Be5 44. Rd3 Bf4 45. Rxf3 Rde7+ 46. Kd1 Nd5 47. Bd8 Rg1# 0-1


[Site "https://www.chess.com"]

[Event "Titled Tuesday Blitz August 15 Early 2023"]
[White "Sovetbekova, Nurai"]
[Black "Feliz Dotel, Dewar Bienvenido"]
[WhiteFideId "13801910"]
[BlackFideId "6402801"]
[WhiteElo "2329"]
[BlackElo "2194"]
[Result "1-0"]
[Round "4"]
[TimeControl "180+1"]
[Date "2023.08.15"]
[WhiteClock "0:00:39"]
[BlackClock "0:00:00"]
[Board "221"]

1. d4 d5 2. c4 e6 3. Nc3 c5 4. cxd5 exd5 5. Nf3 Nc6 6. g3 Nf6 7. Bg2 Be7 8. O-O O-O 9. dxc5 Bxc5 10. Na4 Bd6 11. b3 Be6 12. Bb2 b5 13. Nc3 b4 14. Nb5 Be7 15. Rc1 Rc8 16. Qd3 a6 17. Nbd4 Nxd4 18. Nxd4 Qa5 19. Nc6 Qc7 20. Nxb4 Qd7 21. Nxa6 Bf5 22. Qd4 Qb7 23. Nc5 Qa7 24. Nd3 Qxa2 25. Bxd5 Rcd8 26. e4 Bxe4 27. Ra1 Rxd5 28. Qxd5 Qxa1 29. Bxf6 Qxf1+ 30. Kxf1 Bxd5 31. Bxe7 Re8 32. Nf4 Bxb3 33. Bc5 Bc4+ 34. Kg2 g5 35. Nh5 Re6 36. Be3 h6 37. Bd4 Ra6 38. Nf6+ Kf8 39. Nd7+ Ke7 40. Ne5 f6 41. Nxc4 Ra4 42. Bc5+ Ke6 43. Ne3 f5 44. Bf8 h5 45. Bh6 1-0


[Site "https://www.chess.com"]

[Event "Titled Tuesday Blitz August 15 Early 2023"]
[White "Bogaudinov, Rushan"]
[Black "Baruch, Liam"]
[WhiteFideId "4129288"]
[BlackFideId "14322064"]
[WhiteElo "2326"]
[BlackElo "2153"]
[Result "1-0"]
[Round "4"]
[TimeControl "180+1"]
[Date "2023.08.15"]
[WhiteClock "0:00:17"]
[BlackClock "0:00:10"]
[Board "222"]

1. a4 d5 2. a5 e5 3. h4 Bc5 4. e3 Nf6 5. c3 d4 6. b4 Bd6 7. Bb2 c5 8. b5 Bc7 9. Qa4 b6 10. cxd4 exd4 11. exd4 O-O 12. dxc5 bxc5 13. Nf3 Re8+ 14. Kd1 Ne4 15. Kc1 Nxf2 16. Rg1 Bg4 17. Nc3 Bxf3 18. gxf3 Nd3+ 19. Kc2 Nb4+ 20. Kb3 Qxd2 21. Rxg7+ Kf8 22. Rc1 Be5 23. Rg2 Qd6 24. Bc4 Bxc3 25. Bxc3 Re3 26. Kb2 Nd5 27. Qd1 Rxc3 28. Rxc3 Qf6 29. Qxd5 Nc6 30. Qxc6 Qxc6 31. bxc6 Rb8+ 32. Kc2 f5 33. Bd5 f4 34. Rxc5 Rc8 35. Rg4 a6 36. Rxf4+ Kg7 37. Re4 h5 38. c7 Kf6 39. Bb7 Re8 40. Rxe8 Kf7 41. c8=Q Kf6 42. Qe6+ Kg7 43. Rg5+ Kh7 44. Be4# 1-0


[Site "https://www.chess.com"]

[Event "Titled Tuesday Blitz August 15 Early 2023"]
[White "Johnson, Ben"]
[Black "Samaganova, Aleksandra"]
[WhiteFideId "2010917"]
[BlackFideId "13800221"]
[WhiteElo "2130"]
[BlackElo "2313"]
[Result "0-1"]
[Round "4"]
[TimeControl "180+1"]
[Date "2023.08.15"]
[WhiteClock "0:00:18"]
[BlackClock "0:00:57"]
[Board "223"]

1. Nf3 c5 2. c4 Nf6 3. g3 e6 4. Bg2 Nc6 5. O-O d5 6. cxd5 Nxd5 7. Nc3 Be7 8. d4 cxd4 9. Nxd4 Nxd4 10. Qxd4 Bf6 11. Qc4 Nxc3 12. bxc3 O-O 13. Rb1 Qa5 14. Bf4 e5 15. Rb5 Qa6 16. Be3 Be6 17. Qb4 Qxa2 18. Re1 a5 19. Qe4 a4 20. Rxb7 a3 21. Bc5 Rfd8 22. Qb4 Qd2 23. Kf1 a2 24. Be3 Qxe1+ 25. Kxe1 a1=Q+ 26. Bc1 Qxc1# 0-1


[Site "https://www.chess.com"]

[Event "Titled Tuesday Blitz August 15 Early 2023"]
[White "Martin, Lewis"]
[Black "Ghosh, Chanchal Kumer"]
[WhiteFideId "410551"]
[BlackFideId "10201858"]
[WhiteElo "2307"]
[BlackElo "2107"]
[Result "0-1"]
[Round "4"]
[TimeControl "180+1"]
[Date "2023.08.15"]
[WhiteClock "0:00:17"]
[BlackClock "0:00:11"]
[Board "224"]

1. e4 c5 2. Nf3 d6 3. d4 cxd4 4. Nxd4 Nf6 5. Nc3 a6 6. Bg5 e5 7. Nb3 Be6 8. Nd5 Bxd5 9. exd5 Be7 10. h4 Nbd7 11. Be2 h6 12. Be3 b5 13. Qd2 Qc7 14. O-O-O Nb6 15. Bxb6 Qxb6 16. f3 a5 17. Qd3 Rb8 18. g4 a4 19. Nd2 b4 20. Kb1 a3 21. g5 Nh5 22. Nc4 Qc5 23. g6 Nf4 24. gxf7+ Kf8 25. Qd2 g5 26. hxg5 Bxg5 27. b3 Rc8 28. Bd3 Rc7 29. Be4 Rxf7 30. Qh2 Rg8 31. Rhg1 Rfg7 32. Rdf1 Ke7 33. Qf2 Qxf2 34. Rxf2 Nh3 35. Rfg2 Nxg1 36. Rxg1 Bf6 37. Rxg7+ Rxg7 38. Ne3 Rg1+ 39. Nd1 Bg5 40. f4 Rxd1# 0-1


[Site "https://www.chess.com"]

[Event "Titled Tuesday Blitz August 15 Early 2023"]
[White "Shapiro, Daniel"]
[Black "Politov, Pavel Y."]
[WhiteFideId "2001780"]
[BlackFideId "24110515"]
[WhiteElo "2303"]
[BlackElo "2080"]
[Result "0-1"]
[Round "4"]
[TimeControl "180+1"]
[Date "2023.08.15"]
[WhiteClock "0:00:11"]
[BlackClock "0:00:07"]
[Board "225"]

1. d4 d5 2. c4 dxc4 3. e4 e5 4. Nf3 exd4 5. Bxc4 Nc6 6. O-O Be6 7. Bxe6 fxe6 8. Qb3 Qd7 9. Qxb7 Rb8 10. Qa6 Bd6 11. Rd1 e5 12. Nbd2 Nge7 13. Qc4 Rb4 14. Qc2 O-O 15. a3 Rbb8 16. b4 Ng6 17. Bb2 Nf4 18. Nf1 Kh8 19. Ng3 Ne7 20. Bxd4 exd4 21. e5 Bxe5 22. Nxe5 Qd5 23. Qe4 Qxe4 24. Nxe4 Rbd8 25. Ng5 Kg8 26. g3 Ne2+ 27. Kf1 Nc3 28. Rd3 Rf5 29. f4 h6 30. Ngf3 Ned5 31. Nxd4 Ne3+ 32. Kf2 Ned1+ 33. Raxd1 Nxd1+ 34. Rxd1 Rf6 35. Ke3 Rfd6 36. Nec6 Rxc6 37. Nxc6 Rxd1 38. Nxa7 Ra1 39. Nb5 c6 40. Nd4 Rxa3+ 41. Ke4 Rc3 42. Ke5 Kf7 43. Kd6 Rd3 44. Kc5 Rc3+ 45. Kb6 Ke7 46. Nxc6+ Kd6 47. b5 Rc5 48. Ka5 Rc2 49. Kb4 Rxh2 50. Nd4 Rg2 51. Nf5+ Ke6 52. Nxg7+ Kf6 53. Nh5+ Kg6 54. b6 Kxh5 55. Kc5 Rxg3 56. Kc4 Rg4 57. b7 Rxf4+ 58. Kc5 Rf8 59. Kc6 Kg5 60. Kc7 Kg4 61. b8=Q Rxb8 62. Kxb8 h5 0-1


[Site "https://www.chess.com"]

[Event "Titled Tuesday Blitz August 15 Early 2023"]
[White "Winkels, Marcel"]
[Black "Saucey, Michel"]
[WhiteFideId "1003887"]
[BlackFideId "601845"]
[WhiteElo "2070"]
[BlackElo "2301"]
[Result "1-0"]
[Round "4"]
[TimeControl "180+1"]
[Date "2023.08.15"]
[WhiteClock "0:00:01"]
[BlackClock "0:00:00"]
[Board "226"]

1. e4 c5 2. Nf3 e6 3. d4 cxd4 4. Nxd4 Nc6 5. Nc3 Qc7 6. Be2 a6 7. O-O Nf6 8. Be3 Be7 9. f4 d6 10. a4 O-O 11. Kh1 Bd7 12. Qd2 Nxd4 13. Qxd4 Bc6 14. Bf3 e5 15. Qd2 exf4 16. Bxf4 Nd7 17. Rad1 Ne5 18. Be2 Rac8 19. Bd3 b5 20. axb5 axb5 21. Bxb5 Bxb5 22. Nxb5 Qxc2 23. Qxc2 Rxc2 24. Nxd6 Ng6 25. Nf5 Rxb2 26. Nxe7+ Nxe7 27. Bd6 Rb7 28. Rd2 Re8 29. e5 Ng6 30. Rd5 Rd7 31. g3 h6 32. Kg2 Nf8 33. Kf3 Ne6 34. h4 Rc8 35. Rd3 Rc4 36. Rfd1 g5 37. hxg5 hxg5 38. Ba3 g4+ 39. Ke2 Ra7 40. Bd6 Kg7 41. Kf2 Kg6 42. R1d2 Ra1 43. Re2 Ng5 44. Kg2 Rcc1 45. Kf2 Rf1+ 46. Ke3 Rf3+ 47. Kd2 Ra2+ 48. Ke1 Ra1+ 49. Rd1 Rf1+ 50. Kxf1 Rxd1+ 51. Kf2 Kf5 52. Bc7 Ne4+ 53. Ke3 Rc1 54. Bd6 Rc3+ 55. Kd4 Rc1 56. Re3 Rd1+ 57. Kc4 1-0


[Site "https://www.chess.com"]

[Event "Titled Tuesday Blitz August 15 Early 2023"]
[White "Maluco_do_Natal_00"]
[Black "Blokhin, Sofia"]
[BlackFideId "4508190"]
[WhiteElo "2063"]
[BlackElo "2293"]
[Result "0-1"]
[Round "4"]
[TimeControl "180+1"]
[Date "2023.08.15"]
[WhiteClock "0:00:00"]
[BlackClock "0:00:50"]
[Board "227"]

1. e4 c5 2. Nf3 e6 3. d4 cxd4 4. Nxd4 a6 5. c4 Nf6 6. Nc3 Bb4 7. Bd3 Nc6 8. Be3 O-O 9. O-O Ne5 10. Be2 Qc7 11. Rc1 Bxc3 12. Rxc3 Nxe4 13. Rc1 Nf6 14. Bg5 b6 15. f4 Nc6 16. Bxf6 gxf6 17. Kh1 Ne7 18. Bd3 f5 19. Rf3 Bb7 20. Rg3+ Ng6 21. Ne2 Rfe8 22. b4 Kf8 23. c5 b5 24. Qg1 Nxf4 25. Qd4 Ng6 26. Rf1 Qe5 27. Rxg6 Qxd4 28. Nxd4 fxg6 29. Nb3 Kg7 30. Na5 Bd5 31. a3 e5 32. Kg1 e4 33. Be2 Rf8 34. h4 f4 35. Kf2 f3 36. gxf3 exf3 37. Bd3 Rae8 38. Re1 Rxe1 39. Kxe1 f2+ 40. Kf1 Be6 41. Be4 Bh3+ 0-1


[Site "https://www.chess.com"]

[Event "Titled Tuesday Blitz August 15 Early 2023"]
[White "Kriti Mayur Patel"]
[Black "Wang, Alexander J"]
[WhiteFideId "35061780"]
[BlackFideId "30955270"]
[WhiteElo "2058"]
[BlackElo "2288"]
[Result "1-0"]
[Round "4"]
[TimeControl "180+1"]
[Date "2023.08.15"]
[WhiteClock "0:00:48"]
[BlackClock "0:00:14"]
[Board "228"]

1. e4 c5 2. d4 cxd4 3. c3 dxc3 4. Nxc3 d6 5. Nf3 Nc6 6. Bc4 e6 7. O-O Nf6 8. Qe2 Be7 9. Rd1 e5 10. h3 h6 11. Be3 O-O 12. Rac1 a6 13. b4 Be6 14. Bxe6 fxe6 15. a4 Qe8 16. b5 axb5 17. axb5 Na5 18. Qb2 Nc4 19. Qe2 Nxe3 20. Qxe3 Qf7 21. b6 Rfc8 22. Nb5 Rxc1 23. Rxc1 Ne8 24. Nc7 Nxc7 25. Rxc7 Qe8 26. Qb3 Bf8 27. Rxb7 Kh7 28. Ra7 Rb8 29. b7 Qc6 30. Ra8 Qc7 31. Qxe6 Qxb7 32. Rxb8 Qxb8 33. Nh4 Qc7 34. Ng6 Qd8 35. Qf7 Qc8 36. Nxf8+ Kh8 37. Ne6 1-0


[Site "https://www.chess.com"]

[Event "Titled Tuesday Blitz August 15 Early 2023"]
[White "Rodriguez Santiago, Jaime"]
[Black "Nikulina, Alena"]
[WhiteFideId "3100898"]
[BlackFideId "4172051"]
[WhiteElo "2285"]
[BlackElo "2053"]
[Result "1/2-1/2"]
[Round "4"]
[TimeControl "180+1"]
[Date "2023.08.15"]
[WhiteClock "0:00:08"]
[BlackClock "0:00:10"]
[Board "229"]

1. c4 e5 2. Nc3 Nf6 3. g3 c6 4. Nf3 d6 5. e4 Be7 6. d3 Be6 7. Bg2 Nbd7 8. O-O O-O 9. h3 Nb6 10. Ng5 h6 11. Nxe6 fxe6 12. f4 exf4 13. gxf4 e5 14. f5 d5 15. cxd5 cxd5 16. Qb3 Kh8 17. exd5 Nh5 18. Kh2 e4 19. Nxe4 Nxd5 20. d4 Bd6+ 21. Nxd6 Qxd6+ 22. Kg1 Ndf4 23. Bxf4 Nxf4 24. Rf2 Qxd4 25. Rd1 Qe5 26. Qf3 Nxg2 27. Kxg2 b6 28. Rd7 Rae8 29. Qg4 Qe4+ 30. Qxe4 Rxe4 31. Rxa7 Re5 32. Rb7 b5 33. Kg3 Rexf5 34. Rxf5 Rxf5 35. Kg4 Rc5 36. b3 Kg8 37. a4 bxa4 38. b4 Rc4+ 39. Kf5 a3 40. b5 a2 41. Ra7 Rb4 42. Kg6 Kf8 43. Rxa2 Rxb5 44. Ra8+ Ke7 45. Kxg7 h5 46. Kg6 Rb3 47. h4 Rb5 48. Rh8 Ke6 49. Re8+ Kd7 50. Re4 Rc5 51. Rf4 Ke7 52. Rf7+ Ke8 53. Rf5 Rxf5 54. Kxf5 Kf7 55. Kg5 Kg7 56. Kxh5 Kh7 57. Kg5 Kg7 58. Kf5 Kh7 59. Kf6 Kh6 60. Kf5 Kh5 61. Kf4 Kxh4 1/2-1/2


[Site "https://www.chess.com"]

[Event "Titled Tuesday Blitz August 15 Early 2023"]
[White "Gyulamiryan-koryun"]
[Black "Konenkin, Dmitry"]
[BlackFideId "4185781"]
[WhiteElo "2028"]
[BlackElo "2281"]
[Result "0-1"]
[Round "4"]
[TimeControl "180+1"]
[Date "2023.08.15"]
[WhiteClock "0:00:00"]
[BlackClock "0:00:08"]
[Board "230"]

1. d4 d6 2. c4 e5 3. Nc3 exd4 4. Qxd4 Nc6 5. Qd1 Be6 6. e4 g6 7. Nf3 Bg7 8. Be3 Nf6 9. Be2 Ng4 10. Bg5 f6 11. Bd2 Nge5 12. b3 O-O 13. O-O Nxf3+ 14. Bxf3 Nd4 15. Bg4 Qd7 16. Bxe6+ Qxe6 17. Be3 Nc6 18. Qc2 f5 19. exf5 Rxf5 20. Rae1 Qf7 21. Ne4 Re8 22. Ng3 Rfe5 23. Qd2 Qe6 24. Ne2 a6 25. Nf4 Qf7 26. Nd5 Nd8 27. Bg5 Ne6 28. Rxe5 Bxe5 29. Bh6 c6 30. Ne3 g5 31. Ng4 Qg6 32. Re1 Nf4 33. g3 Nd3 34. Re3 Nc5 35. Qe2 Nd7 36. f4 gxf4 37. gxf4 Bd4 38. Kh1 Bxe3 39. f5 Qh5 0-1


[Site "https://www.chess.com"]

[Event "Titled Tuesday Blitz August 15 Early 2023"]
[White "Zepeda Berlanga, Jan Enrique"]
[Black "Levitan, Caleb Levi"]
[WhiteFideId "5132355"]
[BlackFideId "14332620"]
[WhiteElo "1960"]
[BlackElo "2281"]
[Result "0-1"]
[Round "4"]
[TimeControl "180+1"]
[Date "2023.08.15"]
[WhiteClock "0:00:17"]
[BlackClock "0:00:14"]
[Board "231"]

1. c4 e6 2. Nf3 d5 3. d4 Nf6 4. Bg5 a6 5. Nc3 dxc4 6. e4 b5 7. e5 h6 8. Bh4 g5 9. Nxg5 hxg5 10. Bxg5 Nbd7 11. exf6 Bb7 12. b3 Bb4 13. Rc1 cxb3 14. Qxb3 Bxc3+ 15. Qxc3 Rc8 16. f3 c5 17. Be2 Rg8 18. h4 cxd4 19. Qd2 Rxc1+ 20. Qxc1 Ne5 21. Qd2 d3 22. Bd1 Nc4 23. Qc3 Qd6 24. Kf2 Qc5+ 25. Kf1 Ne3+ 26. Bxe3 Qxc3 27. Kf2 Qb2+ 28. Kf1 Qxg2+ 29. Ke1 Qxh1+ 30. Kd2 Rg2+ 31. Kc1 Rg1 32. Bxg1 Qxg1 33. h5 Bxf3 34. h6 Qxd1+ 35. Kb2 Qc2+ 36. Ka3 Qc3# 0-1


[Site "https://www.chess.com"]

[Event "Titled Tuesday Blitz August 15 Early 2023"]
[White "Sadhwani, Raunak"]
[Black "So, Wesley"]
[WhiteFideId "35093487"]
[BlackFideId "5202213"]
[WhiteElo "3001"]
[BlackElo "3141"]
[Result "1-0"]
[Round "5"]
[TimeControl "180+1"]
[Date "2023.08.15"]
[WhiteClock "0:00:05"]
[BlackClock "0:00:00"]
[Board "1"]

1. e4 c6 2. d4 d5 3. e5 Bf5 4. Nf3 e6 5. Be2 c5 6. Be3 Qb6 7. Nc3 Nc6 8. O-O Qxb2 9. Nb5 c4 10. Nc7+ Kd7 11. Nxa8 Qxc2 12. Nh4 Qxd1 13. Rfxd1 Nge7 14. Nxf5 Nxf5 15. Rab1 Kc8 16. Bg4 g6 17. Bxf5 gxf5 18. Rb5 Be7 19. Rdb1 Nd8 20. g3 Kb8 21. Nb6 axb6 22. Rxb6 h5 23. h4 Rg8 24. Kh2 Kc7 25. f3 Kc8 26. a4 Kc7 27. Kh3 Rh8 28. a5 Rg8 29. a6 bxa6 30. Rxa6 Nc6 31. Rb5 Bb4 32. Rxc6+ Kxc6 33. Rxb4 Ra8 34. Rb1 Ra3 35. Re1 Rd3 36. Kg2 c3 37. Kf2 Kb5 38. Ke2 Kc4 39. Ra1 1-0


[Site "https://www.chess.com"]